 Dungeon Crawl Stone Soup version 0.24-a0-312-g16217b4 (webtiles) character file.

Game seed: 7988414832341671590

786 mhoghedin the Cutter (level 7, -1/53 HPs)
             Began as a Demigod Warper on May 15, 2019.
             Slain by a river rat (8 damage)
             ... summoned by Eustachio
             ... on level 6 of the Dungeon.
             The game lasted 00:11:07 (6086 turns).

mhoghedin the Cutter (Demigod Warper)               Turns: 6086, Time: 00:11:08

Health: -1/53      AC:  4    Str: 16      XL:     7   Next: 30%
Magic:  12/12      EV: 11    Int: 24      God:
Gold:   235        SH:  0    Dex: 11 (15) Spells: 3/9 levels left

rFire    . . .     SeeInvis .   v - +1 dagger (venom)
rCold    . . .     Gourm    .   (no shield)
rNeg     + . .     Faith    .   g - +1 leather armour {rN+}
rPois    .         Spirit   .   (no helmet)
rElec    .         Reflect  .   (no cloak)
rCorr    .         Harm     .   (no gloves)
MR       .....                  (no boots)
Stlth    ++........             (no amulet)
HPRegen  0.17/turn              (no ring)
MPRegen  0.13/turn              (no ring)

@: brilliant, hasted, very quick
A: high mp 1
a: no special abilities


You were on level 6 of the Dungeon.
You were very hungry.

You visited 1 branch of the dungeon, and saw 6 of its levels.

You collected 235 gold pieces.

Inventory:

Hand Weapons
 a - a +0 falchion
 v - a +1 dagger of venom (weapon)
   (You took it off an orc wizard on level 4 of the Dungeon)
Missiles
 e - 5 boomerangs of dispersal {=f}
 h - a throwing net {=f, !d}
 l - 14 poisoned darts (quivered)
 r - 2 boomerangs
Armour
 g - a +1 leather armour of positive energy (worn)
   (You found it on level 1 of the Dungeon)
 n - a +0 pair of gloves
   (You found it on level 2 of the Dungeon)
Jewellery
 t - an uncursed ring of ice {rC+, rF-}
   (You found it on level 3 of the Dungeon)
Scrolls
 b - a scroll of fog
 d - a scroll of blinking {!r}
 i - 2 scrolls of identify
 k - 3 scrolls of enchant armour
 m - 3 scrolls of teleportation
 p - 3 scrolls of fear
 s - a scroll of amnesia {unknown}
 w - a scroll of enchant weapon
Potions
 j - a potion of flight
Comestibles
 f - 7 rations


   Skills:
 - Level 1.7 Fighting
 - Level 4.5(5.3) Short Blades
 - Level 4.1(5.1) Long Blades
 - Level 0.8 Throwing
 - Level 0.8 Armour
 - Level 1.7 Dodging
 - Level 3.9 Stealth
 - Level 1.7 Spellcasting
 - Level 0.6 Charms
 + Level 2.1 Summonings
 - Level 2.9 Translocations


You had 3 spell levels left.
You knew the following spells:

 Your Spells              Type           Power        Failure   Level  Hunger
a - Shroud of Golubria    Chrm/Tloc      ####......   1%          2    ##.....
b - Blink                 Tloc           N/A          1%          2    ##.....
c - Call Imp              Summ           ####....     1%          2    ##.....

Your spell library contained the following spells:

 Spells                   Type           Power        Failure   Level  Hunger
 Magic Dart               Conj           ###.         1%          1    #......
 Gell's Gravitas          Tloc           ####......   1%          3    ###....
 Lesser Beckoning         Tloc           ####......   1%          3    ###....
 Teleport Other           Tloc           ####....     1%          3    ###....
 Slow                     Hex            ###.....     2%          2    ##.....
 Conjure Flame            Conj/Fire      ###.....     5%          3    ###....
 Mephitic Cloud           Conj/Pois/Air  ###.....     5%          3    ###....
 Passage of Golubria      Tloc           N/A          5%          4    #####..


Dungeon Overview and Level Annotations

Branches:
Dungeon (6/15)             Temple (0/1) D:5

Annotations:
D:6 Eustachio


Innate Abilities, Weirdness & Mutations

You have an increased reservoir of magic. (+10% MP)


Message History

The quasit claws you but does no damage. x2
The crimson imp hits you.
The white imp hits the plant but does no damage.
Eustachio screams, "Hey, you killed my favourite bat!"
Eustachio hits the plant but does no damage.
You take 3 damage, and have 22/53 hp.
You closely miss the crimson imp. The quasit closely misses you.
The quasit claws you but does no damage.
The quasit misses you.
The crimson imp hits you but does no damage.
The white imp hits the plant but does no damage.
The quasit bites you but does no damage.
The quasit barely misses you.
The quasit claws you but does no damage.
Eustachio hits the plant with a +1 vampiric rapier!
The white imp hits the plant but does no damage.
The crimson imp hits you.
The quasit bites you but does no damage.
The quasit claws you but does no damage.
The quasit barely misses you.
You take 1 damage, and have 21/53 hp.
You hit the quasit but do no damage.
The quasit is poisoned.
The crimson imp barely misses you.
The white imp hits the plant but does no damage.
Eustachio hits the plant but does no damage.
The quasit bites you but does no damage.
The quasit completely misses you.
The quasit claws you but does no damage.
You barely miss the quasit. The crimson imp barely misses you.
The white imp hits the plant.
The white imp freezes the plant.
The quasit bites you but does no damage.
The quasit barely misses you.
The quasit claws you but does no damage.
You miss the quasit.
Eustachio hits the plant but does no damage.
The quasit bites you but does no damage.
The quasit closely misses you. The quasit barely misses you.
You miss the quasit. The crimson imp closely misses you.
The white imp hits the plant.
The white imp freezes the plant.
Eustachio hits the plant but does no damage.
You hit the quasit but do no damage.
The quasit looks as sick as possible!
The quasit closely misses you. The quasit barely misses you.
The quasit closely misses you.
The white imp hits the plant but does no damage.
The crimson imp hits you.
You take 1 damage, and have 20/53 hp.
You closely miss the quasit. The quasit barely misses you.
The quasit closely misses you. x2
Eustachio hits the plant with a +1 vampiric rapier.
You barely miss the quasit. The quasit bites you.
You feel clumsy. The quasit misses you. The quasit claws you.
The white imp hits the plant but does no damage.
The crimson imp misses you.
Eustachio hits the plant but does no damage.
You take 3 damage, and have 17/53 hp.
Unknown command.
You closely miss the quasit. The quasit barely misses you. x3
The white imp hits the plant but does no damage.
The crimson imp barely misses you.
Eustachio hits the plant with a +1 vampiric rapier.
You hit the quasit.
The white imp disappears in a puff of smoke!
The quasit bites you but does no damage.
The quasit closely misses you. The quasit claws you.
* * * LOW HITPOINT WARNING * * *
The crimson imp barely misses you.
You take 2 damage, and have 15/53 hp.
You hit the quasit.
The quasit looks as sick as possible!
The quasit bites you.
* * * LOW HITPOINT WARNING * * *
You feel clumsy.
The quasit claws you but does no damage. x2
Eustachio mumbles some strange words.
You take 3 damage, and have 12/53 hp.
You hit the quasit but do no damage.
You kill the quasit!
The crimson imp hits you but does no damage.
You closely miss Eustachio. The crimson imp barely misses you.
You miss Eustachio.
Eustachio casts a spell.
Eustachio blinks!
The crimson imp hits you.
* * * LOW HITPOINT WARNING * * *
You hit the river rat but do no damage.
The river rat is poisoned.
The river rat bites you.
* * * LOW HITPOINT WARNING * * *
You take 5 damage, and have 7/53 hp.
You hit the river rat but do no damage.
The river rat looks even sicker.
The crimson imp blinks!
You hit the river rat but do no damage.
The river rat looks as sick as possible!
The crimson imp disappears in a puff of smoke!
Eustachio gestures wildly while chanting.
Eustachio blinks!
The river rat barely misses you.
You barely miss the river rat. The river rat closely misses you.
It was a potion of brilliance.
You feel clever all of a sudden. The river rat barely misses you.
Unknown command.
It was a potion of haste.
You feel yourself speed up. The river rat bites you!
You die...

..... ##.....
#####...# ##......
#PP.#.#.##.......#
#.rP#.#.#..#.....#
#@r.##....r.....#
##P§.#.....##r..#
.).#...##.....<5b.#
#..........#.##§...#
........@......#..###
####.#..P#...#.##..@.
###..P##.....#....
##...#..........
#._P#...###....


You could see Eustachio and 2 river rats.

Vanquished Creatures
  Sigmund (D:3)
  An orc warrior (D:5)
  2 centaurs
  A bullfrog zombie (D:4)
  A hound (D:4)
  A bullfrog skeleton (D:5)
  4 orc wizards
  6 adders
  2 oozes (D:3)
  2 worms
  3 dart slugs
  3 leopard geckos
  7 orcs
  3 ball pythons
  6 bats
  4 giant cockroaches
  11 goblins
  9 hobgoblins
  6 jackals
  9 kobolds
  2 quokkas (D:4)
  5 frilled lizards
  7 rats
96 creatures vanquished.

Vanquished Creatures (collateral kills)
  An orc wizard (D:5)
  2 orcs (D:5)
3 creatures vanquished.

Grand Total: 99 creatures vanquished

Notes
Turn   | Place    | Note
-------+----------+-------------------------------------------
     0 | D:1      | mhoghedin the Demigod Warper began the quest for the Orb.
     0 | D:1      | Reached XP level 1. HP: 17/17 MP: 5/5
   164 | D:1      | Reached skill level 2 in Long Blades
   552 | D:1      | Reached XP level 2. HP: 22/24 MP: 7/7
  1096 | D:2      | Reached skill level 3 in Long Blades
  1134 | D:2      | Found a burning altar of Makhleb.
  1150 | D:2      | HP: 5/24 [kobold (3)]
  1152 | D:2      | Reached XP level 3. HP: 7/29 MP: 8/8
  1779 | D:2      | Found a hide-covered altar of Uskayaw.
  1823 | D:2      | Learned a level 2 spell: Blink
  1826 | D:2      | Learned a level 2 spell: Shroud of Golubria
  2300 | D:3      | Reached skill level 4 in Long Blades
  2300 | D:3      | Reached XP level 4. HP: 26/36 MP: 9/9
  2455 | D:3      | Noticed Sigmund
  2772 | D:3      | Reached skill level 1 in Stealth
  2845 | D:3      | Reached skill level 1 in Short Blades
  2923 | D:3      | Killed Sigmund
  2923 | D:3      | Reached skill level 2 in Short Blades
  2923 | D:3      | Reached skill level 2 in Stealth
  2923 | D:3      | Reached XP level 5. HP: 32/41 MP: 10/10
  3174 | D:3      | Found a basalt altar of Yredelemnul.
  3337 | D:4      | Reached XP level 6. HP: 32/48 MP: 11/11
  3648 | D:4      | Reached skill level 3 in Stealth
  3660 | D:4      | Reached skill level 3 in Short Blades
  4042 | D:4      | HP: 9/48 [centaur/arrow (10)]
  4052 | D:4      | HP: 8/48 [centaur (9)]
  4054 | D:4      | Reached skill level 4 in Short Blades
  4063 | D:4      | HP: 5/48 [dart slug/slug dart (4)]
  5132 | D:5      | Entered Level 5 of the Dungeon
  5211 | D:5      | Found a staircase to the Ecumenical Temple.
  5315 | D:5      | HP: 11/48 [centaur/arrow (6)]
  5332 | D:5      | Reached XP level 7. HP: 16/53 MP: 12/12
  5549 | D:5      | Learned a level 2 spell: Call Imp
  5590 | D:5      | HP: 13/53 [orc warrior/+0 mace (14)]
  5594 | D:5      | Reached skill level 1 in Summonings
  5619 | D:5      | Reached skill level 2 in Summonings
  5974 | D:5      | Noticed a hungry ghost
  6004 | D:6      | Noticed Eustachio
  6037 | D:6      | HP: 13/53 [rat[Eustachio] (1)]
  6040 | D:6      | Found an ancient bone altar of Kikubaaqudgha.
  6040 | D:6      | Found a blossoming altar of Fedhas.
  6042 | D:6      | HP: 13/53 [bat[Eustachio] (1)]
  6077 | D:6      | HP: 12/53 [quasit[Eustachio] (3)]
  6086 | D:6      | Slain by a river rat

Levels and vault maps discovered:
D:1:      dpeg_arrival_boxorama, layout_loops_corners, hex_large
D:2:      layout_basic, old_standard_altar, overflow_temple_1_default
D:3:      layout_loops_ring, old_standard_altar, minmay_checkerbox, uniq_sigmund
D:4:      layout_cave_pods
D:5:      layout_basic, minmay_temple_entry_waves, first_ration
D:6:      layout_rooms, grunt_temple_overflow_growth_and_decay,
          lemuel_crystal_altar, ashenzari_altar_1, uniq_crazy_yiuf_cottage,
          uniq_eustachio, uniq_pikel

Skill      XL: |  1  2  3  4  5  6  7 |
---------------+----------------------+-----
Long Blades    | 2 3 4 |  4.1
Stealth        | 2 3 |  3.9
Short Blades   | 2 4 |  4.5
Summonings     | 2 |  2.1
Fighting       | |  1.7
Throwing       | |  0.8
Armour         | |  0.8
Dodging        | |  1.7
Spellcasting   | |  1.7
Charms         | |  0.6
Translocations | |  2.9

Action                   |  1- 3 |  4- 6 |  7- 9 || total
-------------------------+-------+-------+-------++-------
Melee: Falchion          |   144 |     3 |       ||   147
       Dagger            |       |   219 |    52 ||   271
Throw: Dart              |     3 |     7 |       ||    10
       Boomerang         |       |     2 |       ||     2
 Cast: Shroud of Golubri |     1 |     3 |       ||     4
       Call Imp          |       |       |     5 ||     5
  Use: Potion            |       |     8 |     4 ||    12
       Scroll            |       |     8 |     1 ||     9
 Stab: Sleeping          |     2 |     5 |       ||     7
       Distracted        |       |     1 |       ||     1
  Eat: Ration            |     1 |     2 |       ||     3
       Chunk             |       |     6 |       ||     6
Armor: Leather armour    |    58 |    25 |    64 ||   147
       Skin              |       |    37 |       ||    37
Dodge: Dodged            |   100 |   101 |    88 ||   289
       Rpst.: Falchion   |    31 |     1 |       ||    32

Table legend:
 A = Non-vault XP
 B = Vault XP
 C = Vault XP percentage of total XP
 D = Non-vault monster count
 E = Vault monster count
 F = Vault count percentage of total count
                 A         B        C        D         E       F
            +---------+---------+-------+---------+---------+-------
      Total |     902 |     222 |  19.8 |      94 |       5 |   5.1
            +---------+---------+-------+---------+---------+-------
        D:1 |      29 |       0 |   0.0 |      17 |       0 |   0.0
        D:2 |      43 |       0 |   0.0 |      23 |       0 |   0.0
        D:3 |     147 |     222 |  60.2 |      28 |       5 |  15.2
        D:4 |     357 |       0 |   0.0 |      19 |       0 |   0.0
        D:5 |     326 |       0 |   0.0 |       7 |       0 |   0.0
            +---------+---------+-------+---------+---------+-------

Levels and vault maps discovered:
D:1:      dpeg_arrival_boxorama, layout_loops_corners, hex_large
D:2:      layout_basic, old_standard_altar, overflow_temple_1_default
D:3:      layout_loops_ring, old_standard_altar, minmay_checkerbox, uniq_sigmund
D:4:      layout_cave_pods
D:5:      layout_basic, minmay_temple_entry_waves, first_ration
D:6:      layout_rooms, grunt_temple_overflow_growth_and_decay,
          lemuel_crystal_altar, ashenzari_altar_1, uniq_crazy_yiuf_cottage,
          uniq_eustachio, uniq_pikel

Table legend:
 A = Turns spent in this place as a percentage of turns spent in the entire game.
 B = Non-inter-level travel turns spent in this place as a percentage of non-inter-level travel turns spent in the entire game.
 C = Inter-level travel turns spent in this place as a percentage of turns spent in this place.
 D = Turns resting spent in this place as a percentage of non-inter-level travel turns spent in this place.
 E = Turns spent auto-exploring this place as a percentage of non-inter-level travel turns spent in this place.
 F = Non-inter-level travel turns spent in this place divided by the number of levels of this place that you've seen.
                   A       B       C       D       E      F
               +-------+-------+-------+-------+-------+----------------------
         Total | 100.0 | 100.0 |   3.0 |  38.7 |  43.9 | 983.8
       Dungeon | 100.0 | 100.0 |   3.0 |  38.7 |  43.9 | 983.8
               +-------+-------+-------+-------+-------+----------------------

Table legend:
 A = Kills in this place as a percentage of kills in entire the game.
 B = Kills by you in this place as a percentage of kills by you in the entire game.
 C = Kills by friends in this place as a percentage of kills by friends in the entire game.
 D = Other kills in this place as a percentage of other kills in the entire game.
 E = Experience gained in this place as a percentage of experience gained in the entire game.
 F = Experience gained in this place divided by the number of levels of this place that you have seen.
                   A       B       C       D       E      F
               +-------+-------+-------+-------+-------+----------------------
         Total | 100.0 | 100.0 | 100.0 |   N/A | 100.0 | 187.3
       Dungeon | 100.0 | 100.0 | 100.0 |   N/A | 100.0 | 187.3
               +-------+-------+-------+-------+-------+----------------------
